 Dungeon Crawl Stone Soup version 0.18.1-48-g4cf74bf (webtiles) character file.

29289 Inkary the Fencer (level 13, -1/107 HPs)
             Began as a Minotaur Berserker on Sept 4, 2016.
             Was an Elder of Trog.
             Slain by a 12-headed hydra (11 damage)
             ... on level 1 of the Lair of Beasts.
             The game lasted 00:37:11 (11166 turns).

Inkary the Fencer (Minotaur Berserker)             Turns: 11166, Time: 00:37:12

Health: -1/107     AC: 20    Str: 25    XL:     13   Next: 14%
Magic:  6/6        EV: 10    Int:  4    God:    Trog [****..]
Gold:   943        SH:  0    Dex: 14    Spells: 0 memorised, 12 levels left

rFire  . . .     SeeInvis +     t - +8 glaive of Kaolluog {antimagic, rPois rC+ Str+2}
rCold  + + .     Gourm    .     L - +4 plate armour {rC+}
rNeg   . . .     Faith    .     (shield currently unavailable)
rPois  +         Spirit   .     u - +2 hat
rElec  .         Dismiss  .     (no cloak)
rCorr  .         Reflect  .     (no gloves)
SustAt .         Harm     .     r - +0 pair of boots
MR     ++...     Rnd*Rage +     f - amulet of regeneration
Stlth  ..........               (no ring)
                                j - ring of see invisible

@: exhausted, very slightly contaminated, regenerating, slowed, invisible, very
slow, very resistant to hostile enchantments, extremely unstealthy
A: retaliatory headbutt, horns 2, berserk 1, subdued magic 1, MP-powered wands
a: Berserk, Trog's Hand, Brothers in Arms, Burn Spellbooks, Renounce Religion


You were on level 1 of the Lair of Beasts.
You worshipped Trog.
Trog was greatly pleased with you.
You were very hungry.

You visited 5 branches of the dungeon, and saw 16 of its levels.

You collected 1768 gold pieces.
You spent 825 gold pieces at shops.

Inventory:

Hand Weapons
 t - the +8 glaive of Kaolluog (weapon) {antimagic, rPois rC+ Str+2}
   (You bought it in a shop on level 2 of the Orcish Mines)

   It disrupts the flow of magical energy around spellcasters and certain
   magical creatures (including the wielder).
   It affects your strength (+2).
   It protects you from cold.
   It protects you from poison.
 G - the +0 long sword of Waot {slice, rElec rPois rF++ Str+3}
   (You found it on level 7 of the Dungeon)

   It inflicts extra damage upon your enemies.
   It affects your strength (+3).
   It greatly protects you from fire.
   It insulates you from electricity.
   It protects you from poison.
 M - the +7 long sword of Impermanence {freeze, rN+ Str+4}
   (You found it on level 1 of the Elven Halls)

   It has been specially enchanted to freeze those struck by it, causing extra
   injury to most foes and up to half again as much damage against particularly
   susceptible opponents.
   It can also slow down cold-blooded creatures.
   It affects your strength (+4).
   It protects you from negative energy.
Missiles
 s - 3 tomahawks of returning (quivered)
Armour
 r - a +0 pair of boots (worn)
 u - a +2 hat (worn)
 C - a +0 plate armour of positive energy
 L - a +4 plate armour of cold resistance (worn)
Jewellery
 f - an amulet of regeneration (around neck)
 j - a ring of see invisible (left hand)
 l - an uncursed ring of ice
Wands
 m - a wand of lightning (10/15)
 n - a wand of digging (11/24)
 z - a wand of iceblast (2/15)
 D - a wand of slowing (12/48)
 K - a wand of random effects (30/48)
 N - a wand of digging (0/24)
Scrolls
 a - 4 scrolls of enchant weapon
 b - 2 scrolls of recharging {unknown}
 e - 2 scrolls of fear {unknown}
 g - 5 scrolls of remove curse
 p - a scroll of fog
 w - a scroll of random uselessness {unknown}
 F - 2 scrolls of enchant armour
 H - a scroll of brand weapon {unknown}
 P - a scroll of immolation {unknown}
Potions
 h - 9 potions of curing
 i - a potion of cancellation
 o - 4 potions of brilliance
 v - 4 potions of agility
 x - a potion of ambrosia
 A - a potion of resistance
 E - a potion of might
Miscellaneous
 y - a plain deck of war
 I - a stone of tremors
Comestibles
 c - 9 bread rations
 k - 5 beef jerkies
 B - 5 meat rations
 J - 21 royal jellies


   Skills:
 - Level 8.2 Fighting
 - Level 18.2 Long Blades
   Level 6.6 Maces & Flails
 * Level 4.1 Polearms
 - Level 7.5 Armour
 - Level 6.9 Dodging
 - Level 9.0 Evocations


You had 12 spell levels left.
You didn't know any spells.

Dungeon Overview and Level Annotations

Branches:
Dungeon (11/15)            Temple (1/1) D:6            Lair (1/8) D:10
    Orc (2/2) D:10            Elf (1/3) Orc:2

Altars:
Ashenzari
Cheibriados
Dithmenos
Elyvilon
Fedhas
Gozag
Kikubaaqudgha
Makhleb
Nemelex Xobeh
Okawaru
Pakellas
Qazlal
Ru
Sif Muna
Trog
Vehumet
Yredelemnul
Zin
The Shining One

Shops:
Orc:2 :*[(}


Innate Abilities, Weirdness & Mutations

You reflexively headbutt those who attack you in melee.
You have a pair of horns on your head.
You tend to lose your temper in combat.
Your spells are a little easier to cast, but a little less powerful.
You expend magic power (3 MP) to strengthen your wands.


Message History

You are very lightly contaminated with residual magic.
You feel the effects of Trog's Hand fading.
The 12-headed hydra bites you but does no damage.
The 12-headed hydra closely misses you. x2; The 12-headed hydra bites you!
* * * LOW HITPOINT WARNING * * *
The 12-headed hydra bites you.
* * * LOW HITPOINT WARNING * * *
The 12-headed hydra misses you.
The 12-headed hydra bites you but does no damage.
The 12-headed hydra barely misses you. The 12-headed hydra bites you!
* * * LOW HITPOINT WARNING * * *
The 12-headed hydra closely misses you. x2; The 12-headed hydra bites you.
* * * LOW HITPOINT WARNING * * *
Drink which item? (? for menu, Esc to quit)
You fade further into invisibility.
The 12-headed hydra bites you.
* * * LOW HITPOINT WARNING * * *
The 12-headed hydra bites you but does no damage.
The 12-headed hydra bites you!
You die...

#....##...............
#....#####P###..#...##
#....# ### #..#...#.
##....###### ##...>.⌠.#
#..........###...#...##
#...........#....#....#
#.................#....
#.................#....
#.....@................
#....D..............##
#...Y................#
#..t.................#
##..................##
#...........#.....##
##............
##............#
#.†...........


You could see a 12-headed hydra, a crocodile and a sheep.

Vanquished Creatures
  Gastronok (D:8)
  An orc warlord (Orc:2)
  A stone giant (Orc:1)
  Erica (D:8)
  3 orc high priests (Orc:2)
  Sonja (D:11)
  An unseen horror (shapeshifter) (D:11)
  An unseen horror (D:10)
  3 orc knights (Orc:2)
  3 deep elf magi (Elf:1)
  4 orc sorcerers (Orc:2)
  A cyclops (D:11)
  The ghost of Lorraine the Chucker, a novice TrHu of Cheibriados (D:5)
  Psyche (D:11)
  2 queen bees (D:10)
  A troll (Orc:2)
  A two-headed ogre (D:9)
  Sigmund (D:6)
  2 basilisks (D:10)
  12 yaks
  2 hungry ghosts
  3 hippogriffs
  2 wargs (Orc:1)
  2 water moccasins
  2 soldier ants (D:8)
  2 phantoms
  A porcupine (D:10)
  2 black bears (D:9)
  4 ice beasts
  31 orc warriors
  A sky beast (D:8)
  2 necrophages
  2 wasps
  5 centaurs
  14 ogres
  A crocodile (D:10)
  Blork the orc (D:6)
  2 gnoll sergeants (D:9)
  6 giant frogs
  2 scorpions
  A wyvern skeleton (D:8)
  40 killer bees
  10 wights
  3 electric eels (D:10)
  2 howler monkeys
  3 centaur zombies
  2 giant frog zombies
  A quasit (D:11)
  A jelly (D:8)
  6 hounds
  23 orc priests
  A centaur skeleton (D:6)
  22 orc wizards
  3 giant frog skeletons
  Terence (D:2)
  3 iguanas
  7 worker ants
  12 sheep
  6 gnolls
  A howler monkey zombie (D:10)
  14 adders
  3 river rats (D:10)
  2 shadow imps
  An ooze (D:4)
  3 adder zombies
  2 worms
  2 dart slugs
  7 giant geckos
  87 orcs
  6 giant cockroaches
  6 hobgoblins
  2 jackals (D:1)
  8 kobolds
  5 quokkas
  2 ball pythons (D:1)
  6 bats
  A giant newt (D:3)
  8 goblins
  A quokka skeleton (D:7)
  7 rats
450 creatures vanquished.

Vanquished Creatures (collateral kills)
  Harold (D:11)
  A crimson imp (D:11)
2 creatures vanquished.

Vanquished Creatures (others)
  17 plants (D:10)
  4 toadstools (D:1)
21 creatures vanquished.

Grand Total: 473 creatures vanquished

Notes
Turn   | Place    | Note
--------------------------------------------------------------
     0 | D:1      | Inkary the Minotaur Berserker began the quest for the Orb.
     0 | D:1      | Reached XP level 1. HP: 19/19 MP: 0/0
   181 | D:1      | Reached XP level 2. HP: 19/27 MP: 1/1
   578 | D:2      | Reached XP level 3. HP: 14/33 MP: 2/2
   585 | D:2      | Reached ** piety under Trog
   792 | D:2      | Found a faded altar to an unknown god.
   874 | D:2      | Reached XP level 4. HP: 19/41 MP: 3/3
  1124 | D:2      | Noticed Terence
  1132 | D:2      | Killed Terence
  1404 | D:3      | Reached XP level 5. HP: 47/47 MP: 4/4
  1599 | D:3      | Reached *** piety under Trog
  1873 | D:4      | Noticed an ogre
  1881 | D:4      | Killed an ogre
  1881 | D:4      | Reached skill level 5 in Fighting
  1881 | D:4      | Reached skill level 5 in Maces & Flails
  1883 | D:4      | Reached XP level 6. HP: 44/56 MP: 5/5
  1932 | D:4      | Found a sparkling altar of Nemelex Xobeh.
  2517 | D:5      | Entered Level 5 of the Dungeon
  2604 | D:5      | Noticed Lorraine's ghost (novice TrHu)
  2615 | D:5      | Killed Lorraine's ghost
  2615 | D:5      | Reached skill level 5 in Armour
  2615 | D:5      | Reached skill level 1 in Evocations
  2615 | D:5      | Reached XP level 7. HP: 62/62 MP: 5/7
  3190 | D:5      | Found a glowing silver altar of Zin.
  3226 | D:5      | Found a snail-covered altar of Cheibriados.
  3345 | D:6      | Gained mutation: You expend magic power (3 MP) to strengthen your wands. [potion of mutation]
  3345 | D:6      | Gained mutation: Your spells are a little easier to cast, but a little less powerful. [potion of mutation]
  3345 | D:6      | Gained mutation: You tend to lose your temper in combat. [potion of mutation]
  3398 | D:6      | Reached skill level 5 in Dodging
  3415 | D:6      | Found a deep blue altar of Sif Muna.
  3425 | D:6      | Reached XP level 8. HP: 54/71 MP: 8/8
  3506 | D:6      | Found a shattered altar of Ashenzari.
  3507 | D:6      | Noticed Sigmund
  3512 | D:6      | Killed Sigmund
  3654 | D:6      | Noticed Blork the orc
  3663 | D:6      | Killed Blork the orc
  3670 | D:6      | Found a shadowy altar of Dithmenos.
  4111 | D:6      | Found a staircase to the Ecumenical Temple.
  4257 | D:6      | Found a bloodstained altar of Trog.
  4257 | D:6      | Found a deep blue altar of Sif Muna.
  4360 | Temple   | Entered the Ecumenical Temple
  4606 | D:7      | Reached **** piety under Trog
  4634 | D:7      | Found an iron altar of Okawaru.
  4644 | D:7      | Reached XP level 9. HP: 80/80 MP: 11/11
  4666 | D:7      | Got an iridescent long sword
  4667 | D:7      | Identified the cursed +0 long sword of Waot {slice, rElec rPois rF++ Str+3} (You found it on level 7 of the Dungeon)
  4817 | D:7      | Reached skill level 1 in Long Blades
  4853 | D:7      | Got a translucent falchion
  4856 | D:7      | Identified the +8 falchion "Yfucog" {slice, rN+ Stlth+} (You found it on level 7 of the Dungeon)
  4905 | D:7      | Reached skill level 2 in Long Blades
  5313 | D:8      | Reached skill level 3 in Long Blades
  5328 | D:8      | Reached skill level 5 in Evocations
  5400 | D:8      | Noticed Gastronok
  5401 | D:8      | Noticed Erica
  5409 | D:8      | Killed Erica
  5409 | D:8      | Reached skill level 5 in Long Blades
  5423 | D:8      | Killed Gastronok
  5423 | D:8      | Reached skill level 7 in Long Blades
  5423 | D:8      | Reached XP level 10. HP: 83/88 MP: 12/14
  5540 | D:8      | Reached skill level 8 in Long Blades
  5571 | D:8      | Found a glowing golden altar of the Shining One.
  5809 | D:9      | Reached ***** piety under Trog
  5881 | D:9      | Reached skill level 9 in Long Blades
  6067 | D:9      | Reached XP level 11. HP: 67/94 MP: 16/16
  6201 | D:9      | Found an oddly glowing altar of Pakellas.
  6230 | D:9      | Found an opulent altar of Gozag.
  6526 | D:10     | Entered Level 10 of the Dungeon
  6555 | D:10     | Found an iron altar of Okawaru.
  6565 | D:10     | Reached skill level 10 in Long Blades
  6608 | D:10     | Received a gift from Trog
  6654 | D:10     | Reached skill level 11 in Long Blades
  6672 | D:10     | Found a staircase to the Lair.
  6833 | D:10     | Paralysed by a wasp for 3 turns
  7188 | D:10     | Found a staircase to the Orcish Mines.
  7226 | D:10     | Reached skill level 12 in Long Blades
  7388 | D:10     | Noticed an unseen horror
  7393 | D:10     | Killed an unseen horror
  7479 | D:10     | Reached skill level 13 in Long Blades
  7772 | D:11     | Noticed Harold
  7780 | D:11     | Noticed Psyche
  7795 | D:11     | Paralysed by Psyche for 2 turns
  7797 | D:11     | Killed Psyche
  7797 | D:11     | Reached skill level 14 in Long Blades
  7797 | D:11     | Killed Harold
  7815 | D:11     | Found a white marble altar of Elyvilon.
  7879 | D:11     | Noticed Sonja
  7898 | D:11     | Killed Sonja
  7898 | D:11     | Reached XP level 12. HP: 48/102 MP: 5/17
  8337 | D:11     | Reached skill level 15 in Long Blades
  8789 | Orc:1    | Entered Level 1 of the Orcish Mines
  8844 | Orc:1    | Noticed a stone giant
  8854 | Orc:1    | HP: 5/102 [stone giant (10)]
  8866 | Orc:1    | Killed a stone giant
  8963 | Orc:1    | Received a gift from Trog
  9071 | Orc:1    | Reached skill level 16 in Long Blades
  9259 | Orc:1    | You fall through a shaft!
  9259 | Orc:2    | Entered Level 2 of the Orcish Mines
  9588 | Orc:2    | Found a staircase to the Elven Halls.
  9929 | Orc:2    | Found Edghirofe's Quality Used Wands.
 10017 | Orc:2    | Paralysed by an orc sorcerer for 4 turns
 10031 | Orc:2    | Received a gift from Trog
 10063 | Orc:2    | Noticed an orc warlord
 10067 | Orc:2    | Noticed an orc high priest
 10079 | Orc:2    | Killed an orc warlord
 10079 | Orc:2    | Reached skill level 17 in Long Blades
 10084 | Orc:2    | Killed an orc high priest
 10411 | Orc:2    | Noticed an orc high priest
 10411 | Orc:2    | Noticed an orc high priest
 10441 | Orc:2    | Killed an orc high priest
 10444 | Orc:2    | Killed an orc high priest
 10444 | Orc:2    | Reached skill level 18 in Long Blades
 10480 | Orc:2    | Reached XP level 13. HP: 76/107 MP: 6/18
 10487 | Orc:2    | Received a gift from Trog
 10534 | Orc:2    | Found Gulalu's Antique Armour Emporium.
 10633 | Orc:2    | Found Dicuq's Antique Weapon Emporium.
 10634 | Orc:2    | Found Goret's General Store.
 10634 | Orc:2    | Found Rabig's Book Shoppe.
 10638 | Orc:2    | Bought a scroll of fog for 34 gold pieces
 10638 | Orc:2    | Bought a scroll of enchant weapon for 127 gold pieces
 10649 | Orc:2    | Bought a steaming war axe for 161 gold pieces
 10649 | Orc:2    | Identified the cursed +1 war axe of Ciamis {chop, +Rage rF+} (You bought it in a shop on level 2 of the Orcish Mines)
 10654 | Orc:2    | Bought a glowing demon trident for 285 gold pieces
 10658 | Orc:2    | Bought a bloodstained glaive for 218 gold pieces
 10659 | Orc:2    | Identified the +8 glaive of Kaolluog {antimagic, rPois rC+ Str+2} (You bought it in a shop on level 2 of the Orcish Mines)
 10672 | Orc:2    | Received a gift from Trog
 10672 | Orc:2    | Reached skill level 1 in Polearms
 10806 | Elf:1    | Entered Level 1 of the Elven Halls
 10856 | Elf:1    | Got an ancient long sword
 10892 | Orc:2    | Identified the +7 long sword of Impermanence {freeze, rN+ Str+4} (You found it on level 1 of the Elven Halls)
 11001 | Lair:1   | Entered Level 1 of the Lair of Beasts
 11166 | Lair:1   | Slain by a 12-headed hydra

Skill      XL: |  1  2  3  4  5  6  7  8  9 10 11 12 13 |
---------------+----------------------------------------+-----
Maces & Flails | 4 5 6 |  6.6
Fighting       | 4 5 6 7 8 |  8.2
Armour         | 3 4 5 7 |  7.5
Dodging        | 3 4 5 6 |  6.9
Evocations     | 1 2 4 7 8 9 |  9.0
Long Blades    | 7 9 14 18 | 18.2
Polearms       | 4 |  4.1

Action                   |  1- 3 |  4- 6 |  7- 9 | 10-12 | 13-15 || total
-------------------------+-------+-------+-------+-------+-------++-------
Melee: Mace              |    40 |       |       |       |       ||    40
       Headbutt          |     9 |    23 |    49 |   148 |    12 ||   241
       Whip              |    18 |   123 |    78 |       |       ||   219
       Dire flail        |       |       |    47 |       |       ||    47
       Falchion          |       |       |    58 |   190 |       ||   248
       Long sword        |       |       |    18 |   232 |     5 ||   255
       Triple sword      |       |       |       |   367 |    19 ||   386
       Glaive            |       |       |       |       |    37 ||    37
Throw: Tomahawk          |       |       |       |     2 |       ||     2
Invok: Berserk           |       |     2 |     4 |    16 |     2 ||    24
       Trog's Hand       |       |       |     3 |    29 |     3 ||    35
       Brothers in Arms  |       |       |       |     2 |       ||     2
       Burn Spellbooks   |       |       |       |     1 |       ||     1
Evoke: Wand              |       |       |       |     3 |       ||     3
       Stone of tremors  |       |       |       |     1 |       ||     1
  Use: Scroll            |       |       |     9 |    13 |     1 ||    23
       Potion            |       |       |     1 |     9 |     2 ||    12
  Eat: Chunk             |       |     6 |    16 |    35 |     3 ||    60
       Fruit             |       |       |     2 |     3 |       ||     5
       Bread ration      |       |       |     2 |       |       ||     2
       Meat ration       |       |       |     1 |       |       ||     1
       Beef jerky        |       |       |       |     1 |       ||     1
Armor: Animal skin       |    10 |     2 |       |       |       ||    12
       Scale mail        |       |    34 |       |       |       ||    34
       Plate armour      |       |       |   135 |   485 |    84 ||   704
Dodge: Dodged            |    51 |    59 |    83 |   421 |    63 ||   677
